 Dungeon Crawl Stone Soup version 0.23.0-33-g5e6c059 (webtiles) character file.

Game seed: 2421252746701837539

31 ohad the Changer (level 3, 0/23 HPs)
             Began as an Octopode Transmuter on Feb 26, 2019.
             Slain by a leopard gecko (2 damage)
             ... on level 3 of the Dungeon.
             The game lasted 00:03:46 (1223 turns).

ohad the Changer (Octopode Transmuter)              Turns: 1223, Time: 00:03:47

Health: 0/23       AC:  2    Str:  9    XL:     3   Next: 22%
Magic:  3/6        EV: 19    Int: 16    God:
Gold:   66         SH:  0    Dex: 17    Spells: 0/6 levels left

rFire    . . .     SeeInvis .     - Unarmed
rCold    . . .     Gourm    .   (shield currently unavailable)
rNeg     . . .     Faith    .   (helmet currently unavailable)
rPois    x         Spirit   .   (no amulet)
rElec    .         Reflect  .   (no ring)
rCorr    .         Harm     .   (no ring)
MR       .....                  (no ring)
Stlth    ++........             (no ring)
HPRegen  0.07/turn              (no ring)
MPRegen  0.10/turn              (no ring)
                                (no ring)
                                (no ring)

@: spider-form
A: tiny, almost no armour, stealthy swim, (amphibious), 8 rings, (constrict 8)
a: End Transformation


You were on level 3 of the Dungeon.
You were not hungry.
You were a venomous arachnid creature.
You visited 1 branch of the dungeon, and saw 3 of its levels.

You collected 66 gold pieces.

Inventory:

Hand Weapons
 l - a +0 blowgun
Missiles
 a - 32 arrows
 i - 21 poisoned needles
Scrolls
 d - a scroll of random uselessness {unknown}
 e - 3 scrolls of identify {unknown}
 f - a scroll of magic mapping {unknown}
 h - a scroll of amnesia {unknown}
Potions
 g - 2 potions of might {unknown}
 j - a potion of cancellation {unknown}
 k - a potion of heal wounds {unknown}
Comestibles
 b - a chunk of flesh
 c - 2 rations


   Skills:
 - Level 1.0 Fighting
 - Level 2.0 Dodging
 - Level 3.0 Unarmed Combat
 - Level 2.0 Spellcasting
 + Level 3.6 Transmutations


You couldn't memorise any spells.
You knew the following spells:

 Your Spells              Type           Power        Failure   Level  Hunger
a - Beastly Appendage     Tmut           ##....       14%         1    #......
b - Sticks to Snakes      Tmut           ##......     19%         2    ###....
c - Spider Form           Tmut/Pois      #.........   52%         3    ###....

Your spell library contained the following spells:

 Spells                   Type           Power        Failure   Level  Hunger
 Ice Form                 Ice/Tmut       #.......     86%         4    #####..
 Blade Hands              Tmut           ##........   91%         5    ######.


Dungeon Overview and Level Annotations

Branches:
Dungeon (3/15)

Altars:

Annotations:
D:2 Robin


Innate Abilities, Weirdness & Mutations

You cannot wear most types of armour.
You are very stealthy in the water. (Stealth+)
((You are amphibious.))
You can wear up to eight rings at the same time.
((You can use your tentacles to constrict eight enemies at once.))
((Your skin changes colour to match your surroundings (Stealth+).))
((Your rubbery body absorbs attacks. (AC +1, EV +1)))


Message History

The goblin closely misses you. The goblin misses you.
Robin roars a battlecry!
The goblins go into a battle-frenzy!
The leopard gecko bites you.
You hear a shout!
There is a stone staircase leading down here.
Unknown command.
Unknown command.
The goblin hits you. The goblin misses you. The leopard gecko bites you.
You climb downwards.
There is a stone staircase leading up here.
Unknown command.
Unknown command.
Unknown command.
You barely miss the goblin. The goblin hits you.
* * * LOW HITPOINT WARNING * * *
The goblin misses you. The leopard gecko closely misses you.
You hit the goblin but do no damage.
The goblin is poisoned.
The goblin closely misses you. The leopard gecko bites you.
You die...

. #........###.# ##.#######
#......#....)# #<.......#
+......#.##..#####.######.#
#......#...........#
#......#.##..#######
#####........#######
...............#
...#.###l#####.#
..'....gsg..# ..#.##.)###.#
. #.........# ###.##.....
#+# ####


You could see a leopard gecko and 2 goblins.

Vanquished Creatures
  2 dart slugs (D:1)
  A leopard gecko (D:1)
  3 giant cockroaches (D:1)
  5 goblins
  3 hobgoblins (D:1)
  4 bats (D:1)
  A frilled lizard (D:1)
  4 kobolds
  3 rats (D:1)
26 creatures vanquished.

Notes
Turn   | Place    | Note
-------+----------+-------------------------------------------
     0 | D:1      | ohad the Octopode Transmuter began the quest for the Orb.
     0 | D:1      | Reached XP level 1. HP: 13/13 MP: 3/3
   166 | D:1      | Reached XP level 2. HP: 13/18 MP: 5/5
   652 | D:1      | Reached XP level 3. HP: 23/23 MP: 4/6
   990 | D:2      | You fall through a shaft!
  1131 | D:2      | Noticed Robin
  1147 | D:3      | Learned a level 2 spell: Sticks to Snakes
  1151 | D:3      | Learned a level 3 spell: Spider Form
  1223 | D:3      | Slain by a leopard gecko

Skill      XL: |  1  2 |
---------------+-------+-----
Transmutations | 3 |  3.6
Fighting       | |  1.0
Dodging        | |  2.0
Unarmed Combat | |  3.0
Spellcasting   | |  2.0

Action                   || total
-------------------------++-------
Melee: Unarmed           ||    53
       Tentacles         ||     9
       Constrict         ||    20
       Kick              ||     5
       Punch             ||     2
 Cast: Beastly Appendage ||    12
       Spider Form       ||     1
 Stab: Sleeping          ||     5
  Eat: Chunk             ||     1
Armor: Skin              ||     5
Dodge: Dodged            ||    42
